 Dungeon Crawl Stone Soup version 0.21-a0-150-gc243083 (webtiles) character file.

32678 namelastname112 the Fighter (level 13, 0/174 HPs)
             Began as a Green Draconian Wanderer on July 27, 2017.
             Was the Champion of Okawaru.
             Slain by a thrashing horror (3 damage)
             ... on level 2 of the Abyss.
             The game lasted 00:32:54 (17379 turns).

namelastname112 the Fighter (DrWn)                 Turns: 17379, Time: 00:32:55

Health: 0/174      AC: 15    Str: 28    XL:     13   Next: 32%
Magic:  21/21      EV: 16    Int: 20    God:    Okawaru [******]
Gold:   1691       SH:  0    Dex: 11    Spells: 16/26 levels left

rFire    + + .     SeeInvis +   H - +6 trident of Wariness {pierce, MR+ Int+6 Stlth-}
rCold    + . .     Gourm    .   (no shield)
rNeg     . . .     Faith    +   (armour unavailable)
rPois    +         Spirit   .   r - +1 hat "Sesseim" {rPois}
rElec    +         Reflect  .   G - scarf {rC+ rF+}
rCorr    .         Harm     .   M - +0 pair of gloves "Jutim" {rElec Str+7 Dex-2}
MR       +....                  n - +1 pair of boots
Stlth    ..........             F - amulet of faith
HPRegen  0.39/turn              B - ring of see invisible
MPRegen  0.17/turn              R - +3 ring of protection

@: berserking, very quick
A: breathe noxious fumes, unfitting armour, claws 1, hooves 1, stinger 1, fire
resistance 1, low mp 1, poison resistance, cold-blooded, [MP-powered wands], AC
+8
a: Breathe Noxious Fumes, Heroism, Finesse, Renounce Religion


You were on level 2 of the Abyss.
You worshipped Okawaru.
Okawaru was exalted by your worship.
You were not hungry.

You visited 2 branches of the dungeon, and saw 16 of its levels.
You visited the Abyss 1 time.
You also visited: Bailey.

You collected 1691 gold pieces.

Inventory:

Hand Weapons
 b - a +2 blowgun
 H - the +6 trident of Wariness (weapon) {pierce, MR+ Int+6 Stlth-}
   (You found it on level 4 of the Dungeon)

   It inflicts extra damage upon your enemies.
   It affects your intelligence (+6).
   It affects your resistance to hostile enchantments.
   It makes you less stealthy.
 X - the +9 bardiche of Scorn {flame, rPois rF+}
   (Okawaru gifted it to you on level 11 of the Dungeon)

   It has been specially enchanted to burn those struck by it, causing extra
   injury to most foes and up to half again as much damage against particularly
   susceptible opponents.
   Big, fiery blades are also staple armaments of hydra-hunters.
   It protects you from fire.
   It protects you from poison.
Missiles
 a - 10 curare-tipped needles
 j - 7 needles of frenzy
 k - 68 poisoned needles
 C - 14 poisoned tomahawks
 Q - 4 javelins
 S - 11 throwing nets
 V - 6 javelins of returning (quivered)
 Y - 4 javelins of penetration
Armour
 n - a +1 pair of boots (worn)
 r - the +1 hat "Sesseim" (worn) {rPois}
   (Okawaru gifted it to you on level 13 of the Dungeon)

   It protects you from poison.
 G - a scarf of resistance (worn)
 M - the +0 pair of gloves "Jutim" (worn) {rElec Str+7 Dex-2}
   (Okawaru gifted it to you on level 13 of the Dungeon)

   It affects your strength (+7).
   It affects your dexterity (-2).
   It insulates you from electricity.
Jewellery
 B - a ring of see invisible (left hand)
 F - an amulet of faith (around neck)
 K - an uncursed ring of resist corrosion
 P - a cursed amulet of inaccuracy {unknown}
 R - a +3 ring of protection (right hand)
Wands
 e - a wand of digging (8/24)
 l - a wand of acid (0/15)
 x - a wand of iceblast (7/15)
 z - a wand of confusion (5/48)
 A - a wand of digging (8/24)
 D - a wand of random effects (26/48)
 L - a wand of disintegration (20/24)
 U - a wand of polymorph (0/24)
 W - a wand of confusion (39/48)
 Z - a wand of confusion (25/48)
Scrolls
 g - 3 scrolls of identify
 m - a scroll of remove curse
 v - 3 scrolls of fog
 y - a scroll of enchant weapon
 E - 4 scrolls of enchant armour
Potions
 c - 3 potions of might
 h - 3 potions of agility
 p - 2 potions of magic
 s - 2 potions of resistance
 t - 4 potions of curing
 u - 2 potions of berserk rage
 w - a potion of mutation
 I - 4 potions of brilliance
Books
 T - a book of Battle

   Spells                             Type                      Level
   a - Infusion                       Charms                       1
   b - Shroud of Golubria             Charms/Translocation         2
   c - Song of Slaying                Charms                       2
   d - Spectral Weapon                Hexes/Charms                 3
   e - Regeneration                   Charms/Necromancy            3
Comestibles
 f - 4 bread rations
 o - 7 meat rations
 q - 5 royal jellies
 N - 9 fruits


   Skills:
 + Level 11.4 Fighting
   Level 3.6(6.5) Axes
 + Level 8.4(8.8) Polearms
   Level 1.0 Bows
 + Level 8.8 Throwing
 + Level 8.4 Dodging
 - Level 1.0 Stealth
 + Level 7.4 Spellcasting
 + Level 7.1 Hexes
 + Level 9.1 Invocations


You had 16 spell levels left.
You knew the following spells:

 Your Spells              Type           Power        Failure   Level  Hunger
a - Portal Projectile     Hex/Tloc       ###...       6%          3    #......
d - Regeneration          Chrm/Necr      #.........   26%         3    #......
e - Apportation           Tloc           #.....       9%          1    None
z - Spectral Weapon       Hex/Chrm       ###.....     6%          3    #......


Dungeon Overview and Level Annotations

Branches:
Dungeon (15/15)            Temple (1/1) D:4            Lair (0/6) D:9
    Orc (0/2) D:11         Vaults (0/5) D:13
 Depths: D:15

Altars:
Ashenzari
Cheibriados
Dithmenos
Elyvilon
Fedhas
Gozag
Hepliaklqana
Kikubaaqudgha
Makhleb
Nemelex Xobeh
Okawaru
Qazlal
Ru
Sif Muna
Trog
Uskayaw
Vehumet
Wu Jian
Xom
Yredelemnul
Zin
The Shining One
Beogh

Shops:
D:10 [   D:13 %

Annotations:
D:4 1 runed door
D:13 Frances


Innate Abilities, Weirdness & Mutations

You can breathe blasts of noxious fumes.
Your lurid green scales are hard. (AC +8)
You cannot fit into any form of body armour.
Your system is resistant to poisons. (rPois)
You are cold-blooded and may be slowed by cold attacks.
You have sharp fingernails.
You have large cloven feet.
Your tail ends in a poisonous barb.
Your flesh is heat resistant. (rF+)
Your magical capacity is low. (-10% MP)
[You expend magic power (3 MP) to strengthen your wands.]


Message History

You impale the vampiric halberd!!
The vampiric halberd is almost destroyed.
The thrashing horror tramples you.
* * * LOW HITPOINT WARNING * * *
You hold your ground!
The thrashing horror misses you. The thrashing horror barely misses you.
The thrashing horror tramples you but does no damage.
The vampiric halberd hits you!
* * * LOW HITPOINT WARNING * * *
Your magical contamination has completely faded away.
You take 19 damage, and have 9/174 hp.
You miss the vampiric halberd.
The vampiric halberd is severely damaged.
You barely miss the vampiric halberd.
The vampiric halberd is severely damaged.
The thrashing horror closely misses you.
The thrashing horror barely misses you. The vampiric halberd hits you.
* * * LOW HITPOINT WARNING * * *
The thrashing horror tramples you.
You die...

#. ..# ..
.. #. ##.
#(# #@##
#...#X#
#...##X#
#...##X#
##.##.#..
#....#
#####
#......# .
..
#..#(###X#
..## ##
###. W#
...#


You could see 3 thrashing horrors and a vampiric halberd.

Vanquished Creatures
  A tentacled starspawn (Abyss:2)
  Nessos (D:13)
  Harold (D:11)
  Erolcha (D:13)
  A hydra (D:12)
  10 two-headed ogres
  3 centaur warriors
  The ghost of namelastname112 the Fighter, a novice DrWn of Ashenzari (D:9)
  An ogre mage (D:13)
  Urug (D:13)
  Nergalle (D:12)
  2 thrashing horrors (Abyss:2)
  A shadow wraith (Abyss:2)
  A skeletal warrior (D:14)
  2 ugly things
  A cyclops (D:15)
  Joseph (D:7)
  A gargoyle (D:11)
  Psyche (D:9)
  A komodo dragon (D:10)
  2 freezing wraiths
  2 tengu conjurers (D:14)
  4 trolls
  A queen bee (D:8)
  3 hippogriffs
  A large abomination (Abyss:2)
  2 wyverns
  A shadow (D:11)
  2 wraiths
  A yak (D:12)
  A steam dragon (D:9)
  17 humans (D:13)
  A vampire mosquito (D:12)
  A hungry ghost (D:11)
  Menkaure (D:7)
  A soldier ant (D:13)
  Edmund (D:4)
  Duvessa (D:7)
  2 water moccasins
  A porcupine (shapeshifter) (D:15)
  An eye of draining (shapeshifter) (Abyss:2)
  3 black bears
  6 orc warriors
  An ice beast (D:10)
  A necrophage (D:8)
  3 phantoms
  4 ogres
  8 centaurs
  A boggart (D:15)
  3 crocodiles
  A big kobold (D:11)
  A small abomination (Abyss:2)
  9 gnoll sergeants
  8 bullfrogs
  Dowan (D:7)
  A wyvern zombie (D:9)
  A scorpion (D:13)
  A wyvern skeleton (D:13)
  14 killer bees (D:8)
  7 wights
  4 howler monkeys
  2 electric eels
  3 crimson imps
  A centaur zombie (D:7)
  2 quasits
  9 hounds
  10 orc wizards
  Crazy Yiuf (D:3)
  4 bullfrog skeletons
  6 gnoll shamans (Bailey)
  4 jellies
  4 orc priests
  A centaur skeleton (D:9)
  Terence (D:2)
  2 iguanas
  8 worker ants
  A hound zombie (D:7)
  2 worker ant zombies
  25 gnolls
  15 adders
  2 oozes
  An adder zombie (D:7)
  3 worms
  3 dart slugs (D:2)
  7 leopard geckos
  51 orcs
  A ball python (D:7)
  4 giant cockroaches
  6 goblins
  5 hobgoblins
  16 jackals
  12 kobolds
  7 quokkas
  A ball python skeleton (D:4)
  5 bats
  3 frilled lizards
  A giant cockroach zombie (D:5)
  A leopard gecko skeleton (D:5)
  2 quokka skeletons
  3 rats
393 creatures vanquished.

Vanquished Creatures (others)
  A killer bee (D:8)
  8 plants (D:15)
  7 spectral weapons
  2 starspawn tentacles (Abyss:2)
  2 withered plants (D:15)
20 creatures vanquished.

Grand Total: 413 creatures vanquished

Notes
Turn   | Place    | Note
-------+----------+-------------------------------------------
     0 | D:1      | namelastname112 the Draconian Wanderer began the quest for the Orb.
     0 | D:1      | namelastname112 set off with: 3 curare-tipped needles, a +2 blowgun, a +0 shortbow, 24 arrows, a +0 hand axe, a bread ration
     0 | D:1      | Reached XP level 1. HP: 23/23 MP: 1/1
   297 | D:1      | Reached XP level 2. HP: 29/29 MP: 2/2
   953 | D:2      | Reached skill level 1 in Dodging
   953 | D:2      | Reached XP level 3. HP: 22/37 MP: 3/3
  1345 | D:2      | Noticed Terence
  1712 | D:2      | Killed Terence
  1712 | D:2      | Reached XP level 4. HP: 42/44 MP: 4/4
  1877 | D:2      | Reached skill level 6 in Fighting
  2377 | D:3      | Reached XP level 5. HP: 44/50 MP: 5/5
  2409 | D:3      | Noticed a phantom
  2437 | D:3      | Killed a phantom
  2476 | D:3      | Found a runed door.
  2872 | D:3      | Found a shattered altar of Ashenzari.
  2873 | D:3      | Found a deep blue altar of Sif Muna.
  2924 | D:3      | Reached XP level 6. HP: 39/58 MP: 6/6
  3164 | D:3      | Noticed Crazy Yiuf
  3174 | D:3      | Killed Crazy Yiuf
  3315 | D:4      | Found a glowing golden altar of the Shining One.
  3315 | D:4      | Noticed an angel
  3316 | D:4      | Found a runed door.
  3318 | D:4      | Got a polished trident
  3320 | D:4      | Identified the +6 trident of Wariness {pierce, MR+ Int+6 Stlth-} (You found it on level 4 of the Dungeon)
  3338 | D:4      | Found a staircase to the Ecumenical Temple.
  3377 | Temple   | Entered the Ecumenical Temple
  3487 | Temple   | Became a worshipper of Warmaster Okawaru
  3613 | D:4      | Reached skill level 1 in Invocations
  3702 | D:4      | Noticed Edmund
  3734 | D:4      | Killed Edmund
  4388 | D:4      | Your scales start taking on a lurid green colour.
  4388 | D:4      | Reached XP level 7. HP: 64/64 MP: 8/8
  4388 | D:4      | Gained mutation: Your system is resistant to poisons. (rPois) [Green Draconian growth]
  4545 | D:5      | Entered Level 5 of the Dungeon
  4545 | D:5      | Found a sparkling altar of Nemelex Xobeh.
  4774 | D:5      | Reached * piety under Okawaru
  4774 | D:5      | Reached skill level 1 in Polearms
  4826 | D:5      | Reached skill level 7 in Fighting
  5617 | D:6      | Reached XP level 8. HP: 53/73 MP: 10/10
  5639 | D:6      | Reached ** piety under Okawaru
  5912 | D:7      | Noticed Duvessa
  5913 | D:7      | Noticed Dowan
  5940 | D:7      | Killed Duvessa
  5946 | D:7      | Killed Dowan
  6163 | D:7      | Learned a level 3 spell: Spectral Weapon
  6182 | D:7      | Found a white marble altar of Elyvilon.
  6183 | D:7      | Found a sparkling altar of Nemelex Xobeh.
  6189 | D:7      | Found a shadowy altar of Dithmenos.
  6189 | D:7      | Found a glowing silver altar of Zin.
  6261 | D:7      | Reached skill level 1 in Hexes
  6280 | D:7      | Noticed Menkaure
  6281 | D:7      | Noticed Joseph
  6316 | D:6      | Reached skill level 1 in Spellcasting
  6557 | D:7      | Killed Menkaure
  6564 | D:7      | Killed Joseph
  6564 | D:7      | Reached *** piety under Okawaru
  6660 | D:7      | Reached skill level 8 in Fighting
  6660 | D:7      | Reached XP level 9. HP: 72/81 MP: 12/12
  6814 | D:7      | Received a gift from Okawaru
  6946 | D:8      | Reached skill level 5 in Dodging
  6961 | D:8      | Reached skill level 5 in Throwing
  7430 | D:8      | Found a snail-covered altar of Cheibriados.
  7502 | D:8      | Noticed a white ugly thing
  7512 | D:8      | Killed a white ugly thing
  7512 | D:8      | Reached **** piety under Okawaru
  7512 | D:8      | Reached skill level 5 in Invocations
  7737 | D:8      | Noticed a queen bee
  7758 | D:8      | Killed a queen bee
  8064 | D:8      | Got a spiked cloak
  8075 | D:8      | Identified the +0 cloak of Vuihel {rPois} (You found it on level 8 of the Dungeon)
  8314 | D:8      | Reached XP level 10. HP: 90/90 MP: 14/14
  8370 | D:8      | Received a gift from Okawaru
  8423 | D:8      | Gained mutation: Scrolls take you a little longer to read. [potion of mutation]
  8423 | D:8      | Gained mutation: Your magical capacity is low. (-10% MP) [potion of mutation]
  8423 | D:8      | Gained mutation: You passively map a small area around you. [potion of mutation]
  8423 | D:8      | Gained mutation: You are robust. (+10% HP) [potion of mutation]
  8424 | D:8      | Lost mutation: You are robust. (+10% HP) [potion of mutation]
  8424 | D:8      | Lost mutation: Your magical capacity is low. (-10% MP) [potion of mutation]
  8424 | D:8      | Gained mutation: Your flesh is cold resistant. (rC+) [potion of mutation]
  8424 | D:8      | Gained mutation: You are clumsy. (Dex -2) [potion of mutation]
  8424 | D:8      | Gained mutation: You possess an exceptional clarity of mind. [potion of mutation]
  8424 | D:8      | Gained mutation: You are covered in fur. (AC +1) [potion of mutation]
  8425 | D:8      | Lost mutation: You possess an exceptional clarity of mind. [potion of mutation]
  8425 | D:8      | Lost mutation: You passively map a small area around you. [potion of mutation]
  8425 | D:8      | Lost mutation: You are covered in fur. (AC +1) [potion of mutation]
  8425 | D:8      | Lost mutation: You are clumsy. (Dex -2) [potion of mutation]
  8425 | D:8      | Gained mutation: You are clumsy. (Dex -2) [potion of mutation]
  8425 | D:8      | Gained mutation: Your spells are a little easier to cast, but a little less powerful. [potion of mutation]
  8425 | D:8      | Gained mutation: You have sharp fingernails. [potion of mutation]
  8511 | D:9      | Found a staircase to the Lair.
  8511 | D:9      | Noticed a two-headed ogre
  8526 | D:9      | Killed a two-headed ogre
  8526 | D:9      | Reached ***** piety under Okawaru
  8526 | D:9      | Reached skill level 5 in Polearms
  8675 | D:9      | Reached skill level 9 in Fighting
  8726 | D:9      | Noticed Psyche
  8751 | D:9      | Killed Psyche
  8751 | D:9      | Received a gift from Okawaru
  8856 | D:9      | Noticed namelastname112's ghost (novice DrWn)
  8881 | D:9      | Killed namelastname112's ghost
  8881 | D:9      | Received a gift from Okawaru
  9248 | D:9      | Lost mutation: Your spells are a little easier to cast, but a little less powerful. [potion of mutation]
  9248 | D:9      | Lost mutation: Your flesh is cold resistant. (rC+) [potion of mutation]
  9248 | D:9      | Gained mutation: You possess an exceptional clarity of mind. [potion of mutation]
  9248 | D:9      | Gained mutation: Your magical capacity is low. (-10% MP) [potion of mutation]
  9248 | D:9      | Gained mutation: Your tail ends in a poisonous barb. [potion of mutation]
  9419 | D:9      | Learned a level 3 spell: Regeneration
  9451 | D:10     | Entered Level 10 of the Dungeon
  9475 | D:10     | Noticed a two-headed ogre
 10248 | D:10     | Found Ixycol's Antique Armour Shop.
 10267 | D:10     | Reached XP level 11. HP: 97/97 MP: 15/15
 10343 | D:10     | Killed a two-headed ogre
 10343 | D:10     | Received a gift from Okawaru
 10793 | D:11     | Found a flagged portal.
 10804 | Bailey   | Entered a bailey
 10967 | Bailey   | Reached skill level 5 in Spellcasting
 11180 | Bailey   | Reached ****** piety under Okawaru
 11394 | Bailey   | Lost mutation: You possess an exceptional clarity of mind. [potion of mutation]
 11394 | Bailey   | Lost mutation: Scrolls take you a little longer to read. [potion of mutation]
 11394 | Bailey   | Lost mutation: You are clumsy. (Dex -2) [potion of mutation]
 11394 | Bailey   | Gained mutation: You have large cloven feet. [potion of mutation]
 11394 | Bailey   | Gained mutation: Your flesh is heat resistant. (rF+) [potion of mutation]
 11869 | D:11     | Noticed Harold
 11869 | D:11     | Received a gift from Okawaru
 11881 | D:11     | Killed Harold
 11881 | D:11     | Received a gift from Okawaru
 11881 | D:11     | Reached skill level 10 in Fighting
 11881 | D:11     | Reached skill level 5 in Hexes
 11884 | D:11     | Got a faintly glowing bardiche {god gift}
 11897 | D:11     | Identified the +9 bardiche of Scorn {flame, rPois rF+} (Okawaru gifted it to you on level 11 of the Dungeon)
 12133 | D:11     | epen: и правда
 12237 | D:11     | Found a roughly hewn altar of Beogh.
 12237 | D:11     | Found a staircase to the Orcish Mines.
 12486 | D:12     | Noticed a seven-headed hydra
 12492 | D:12     | Noticed a centaur warrior
 12498 | D:12     | Killed a centaur warrior
 12909 | D:12     | Noticed Sonja
 12912 | D:12     | Noticed Sonja
 12912 | D:12     | Sonja changed into Sonja the yak
 12920 | D:12     | Killed Sonja the yak
 13071 | D:12     | Noticed a red ugly thing
 13079 | D:12     | Killed a red ugly thing
 13129 | D:12     | Found a blossoming altar of Fedhas.
 13157 | D:12     | Noticed Nergalle
 13183 | D:12     | Killed Nergalle
 13183 | D:12     | Received a gift from Okawaru
 13298 | D:12     | Noticed a two-headed ogre
 13309 | D:12     | Killed a two-headed ogre
 13609 | D:12     | Killed a seven-headed hydra
 13934 | D:12     | Reached XP level 12. HP: 89/107 MP: 18/18
 14484 | D:13     | Found Nemad's Food Boutique.
 14509 | D:13     | Noticed Nessos
 14541 | D:13     | Killed Nessos
 14541 | D:13     | Received a gift from Okawaru
 14553 | D:13     | Got a warped hat {god gift}
 14559 | D:13     | Identified the +1 hat "Sesseim" {rPois} (Okawaru gifted it to you on level 13 of the Dungeon)
 14720 | D:13     | Found a shadowy altar of Dithmenos.
 14723 | D:13     | Noticed Urug
 14737 | D:13     | Killed Urug
 14787 | D:13     | Noticed a two-headed ogre
 14787 | D:13     | Noticed a two-headed ogre
 14789 | D:13     | Noticed an ogre mage
 14804 | D:13     | Killed a two-headed ogre
 14805 | D:13     | Killed a two-headed ogre
 14807 | D:13     | Noticed a two-headed ogre
 14809 | D:13     | Killed an ogre mage
 14811 | D:13     | Killed a two-headed ogre
 14813 | D:13     | Noticed a two-headed ogre
 14815 | D:13     | Noticed a two-headed ogre
 14818 | D:13     | Killed a two-headed ogre
 14820 | D:13     | Killed a two-headed ogre
 14965 | D:13     | Learned a level 1 spell: Apportation
 14969 | D:13     | Learned a level 3 spell: Portal Projectile
 14986 | D:13     | Noticed a two-headed ogre
 14993 | D:13     | Killed a two-headed ogre
 14993 | D:13     | Received a gift from Okawaru
 14996 | D:13     | Got a pair of jewelled gloves {god gift}
 15002 | D:13     | Identified the +0 pair of gloves "Jutim" {rElec Str+7 Dex-2} (Okawaru gifted it to you on level 13 of the Dungeon)
 15011 | D:13     | Noticed Frances
 15048 | D:14     | Noticed a centaur warrior
 15053 | D:15     | Entered Level 15 of the Dungeon
 15053 | D:15     | Noticed a fire dragon
 15067 | D:15     | Noticed a six-headed hydra
 15596 | D:15     | Noticed a centaur warrior
 15610 | D:15     | Killed a centaur warrior
 15718 | D:15     | Noticed a tengu warrior
 15739 | D:14     | Found an iron altar of Okawaru.
 15754 | D:14     | Killed a centaur warrior
 15754 | D:14     | Reached skill level 11 in Fighting
 15828 | D:14     | Noticed a two-headed ogre
 15837 | D:14     | Killed a two-headed ogre
 16307 | D:13     | Noticed Erolcha
 16328 | D:13     | Killed Erolcha
 16564 | D:13     | Reached XP level 13. HP: 104/116 MP: 21/21
 16722 | D:13     | Received a gift from Okawaru
 16767 | D:13     | Found a gate to the Vaults.
 16775 | D:13     | Cast into level 2 of the Abyss (a wizard)
 16785 | Abyss:2  | epen: лол
 16788 | Abyss:2  | epen: ты чё
 16797 | Abyss:2  | epen: как так?
 16802 | Abyss:2  | epen: стой
 16804 | Abyss:2  | namelastname112: ну визард
 16804 | Abyss:2  | namelastname112: лол
 16814 | Abyss:2  | epen: нихуя себе
 16826 | Abyss:2  | epen: это ж какой там шанс должен был быть
 16892 | Abyss:2  | namelastname112: в смысле
 16911 | Abyss:2  | epen: или у него ножик был?
 16931 | Abyss:2  | namelastname112: у него спелл
 16952 | Abyss:2  | Noticed a tentacled starspawn
 16964 | Abyss:2  | Killed a tentacled starspawn
 17254 | Abyss:2  | Received a gift from Okawaru
 17312 | Abyss:2  | Noticed a starcursed mass
 17379 | Abyss:2  | HP: 3/174 [vampiric halberd (6)]
 17379 | Abyss:2  | Slain by a thrashing horror

Vault maps used:
D:1:      dpeg_arrival_another_circle, hangedman_abyss_or_decor_stabs,
          corexii_leaking_fountain
D:2:      uniq_terence
D:3:      gammafunk_temple_overflow_statue, uniq_crazy_yiuf_cottage
D:4:      minmay_temple_entry_statues_fountains, serial_corexii_hall,
          corexii_hall_statues_l, corexii_hall_statues_u, first_bread,
          lemuel_angel_altar, uniq_edmund
D:5:      nemelex_xobeh_ov_fountains_minmay
D:6:      kennysheep_small_spiral
D:7:      chequers_temple_overflow_statue_of_worship, st_stairs_3, uniq_duvessa,
          uniq_menkaure, uniq_joseph
D:8:      serial_curves, eino_curves_01, eino_curves_03, basic_altar,
          david_nohive_1, solitary_fountain
D:9:      lair_entry_dummy, uniq_psyche
D:10:     serial_shops, shop, kennysheep_generic_room_4
D:11:     david_orc_5, enter_bailey_7, uniq_harold
D:12:     basic_altar, minmay_misc_feat_alley, uniq_sonja, uniq_nergalle
D:13:     lemuel_troll_bridge, grunt_vaults_entry_tiered, serial_shops,
          kennysheep_mini, nicolae_wwwww, grunt_dithmenos_smoke_and_mirrors,
          uniq_frances, uniq_nessos, uniq_urug, uniq_erolcha
D:14:     dk_noncrumbling_3, basic_altar
D:15:     gammafunk_depths_entry_grave, serial_bayou, serial_bayou_shore_a,
          serial_bayou_pond_b, serial_bayou_pond_d, serial_bayou_shore_b,
          serial_bayou_ford_a, hangedman_decor_diamond_cutter
Temple:   eino_temple_scatter_basement
Bailey:   bailey_polearm_gnolls_kennysheep, bailey

Skill      XL: |  1  2  3  4  5  6  7  8  9 10 11 12 13 |
---------------+----------------------------------------+-----
Dodging        | 1 2 3 4 5 6 7 8 |  8.4
Fighting       | 6 7 8 9 10 11 | 11.4
Axes           | 3 |  3.6
Throwing       | 2 3 4 5 6 7 8 |  8.8
Invocations    | 1 3 4 5 6 7 8 9 |  9.1
Polearms       | 2 3 4 5 7 8 |  8.4
Hexes          | 1 3 4 5 6 7 |  7.1
Spellcasting   | 1 3 4 5 7 |  7.4
Bows           | |  1.0
Stealth        | |  1.0

Action                   |  1- 3 |  4- 6 |  7- 9 | 10-12 | 13-15 || total
-------------------------+-------+-------+-------+-------+-------++-------
Melee: Hand axe          |    99 |   139 |       |       |       ||   238
       Tailslap          |    11 |    25 |    25 |    71 |    25 ||   157
       Trident           |       |    40 |   351 |   694 |   158 ||  1243
       Quarterstaff      |       |     8 |       |       |       ||     8
       Punch             |       |       |       |     1 |       ||     1
 Fire: Blowgun           |     5 |     2 |       |       |       ||     7
Throw: Javelin           |       |       |       |    20 |       ||    20
       Tomahawk          |       |       |       |     2 |       ||     2
 Cast: Spectral Weapon   |       |       |       |    31 |     5 ||    36
       Regeneration      |       |       |       |     2 |     8 ||    10
Invok: Heroism           |       |       |       |     2 |     1 ||     3
 Abil: Breathe Noxious F |       |       |     6 |    25 |       ||    31
Evoke: Wand              |       |     2 |     2 |     6 |     3 ||    13
  Use: Scroll            |       |       |       |    30 |     1 ||    31
       Potion            |       |       |       |     8 |     3 ||    11
 Stab: Sleeping          |     2 |     2 |       |       |       ||     4
       Confused          |       |       |     5 |    27 |       ||    32
       Distracted        |       |       |       |     3 |       ||     3
  Eat: Chunk             |     2 |     8 |    15 |    30 |     1 ||    56
       Royal jelly       |       |       |       |     2 |     2 ||     4
Armor: Skin              |    49 |    75 |   100 |   170 |    61 ||   455
Dodge: Dodged            |    88 |   127 |   227 |   429 |   126 ||   997
